 Dungeon Crawl Stone Soup version 0.21-a0-625-g1119ec1 (webtiles) character file.

4 tidbits the Caller (level 1, 3/13 HPs)
             Began as a Gnoll Summoner on Dec 24, 2017.
             Quit the game on level 1 of the Dungeon.
             The game lasted 00:01:16 (216 turns).

tidbits the Caller (Gnoll Summoner)                  Turns: 216, Time: 00:01:17

Health: 3/13       AC:  3    Str: 10    XL:     1   Next: 70%
Magic:  5/6        EV: 14    Int: 17    God:
Gold:   28         SH:  0    Dex: 15    Spells: 8/9 levels left

rFire    . . .     SeeInvis .   a - +0 dagger
rCold    . . .     Gourm    .   (no shield)
rNeg     . . .     Faith    .   f - +0 robe
rPois    .         Spirit   .   E - +0 helmet
rElec    .         Reflect  .   (no cloak)
rCorr    .         Harm     .   (no gloves)
MR       .....                  (no boots)
Stlth    +++.......             (no amulet)
HPRegen  0.04/turn              (no ring)
MPRegen  0.10/turn              (no ring)

@: no status effects
A: distributed training, fangs 1, strong nose
a: no special abilities


You were on level 1 of the Dungeon.
You were not hungry.

You visited 1 branch of the dungeon, and saw 1 of its levels.

You collected 28 gold pieces.

Inventory:

Hand Weapons
 a - a +0 dagger (weapon)
Armour
 f - a +0 robe (worn)
 E - a +0 helmet (worn)
Scrolls
 d - 2 scrolls of remove curse {unknown}
 e - a scroll of random uselessness {unknown}
 g - a scroll of fear {unknown}
 i - a scroll of teleportation {unknown}
Potions
 h - a potion of brilliance {unknown}
Books
 b - a book of Callings

   Spells                             Type                      Level
   a - Summon Small Mammal            Summoning                    1
   b - Call Imp                       Summoning                    2
   c - Call Canine Familiar           Summoning                    3
   d - Summon Guardian Golem          Hexes/Summoning              3
   e - Summon Lightning Spire         Summoning/Air                4
   f - Summon Ice Beast               Ice/Summoning                4
Comestibles
 c - a ration


   Skills:
 + Level 0.1 Fighting
 + Level 0.1 Short Blades
 + Level 0.1 Long Blades
 + Level 0.1 Axes
 + Level 0.1 Maces & Flails
 + Level 0.1 Polearms
 + Level 0.1 Staves
 + Level 0.1 Slings
 + Level 0.1 Bows
 + Level 0.1 Crossbows
 + Level 0.1 Throwing
 + Level 0.1 Armour
 + Level 4.4 Dodging
 + Level 4.0 Stealth
 + Level 0.1 Shields
 + Level 0.1 Unarmed Combat
 + Level 4.9 Spellcasting
 + Level 0.1 Conjurations
 + Level 0.1 Hexes
 + Level 0.1 Charms
 + Level 7.0 Summonings
 + Level 0.1 Necromancy
 + Level 0.1 Translocations
 + Level 0.1 Transmutations
 + Level 0.1 Fire Magic
 + Level 0.1 Ice Magic
 + Level 0.1 Air Magic
 + Level 0.1 Earth Magic
 + Level 0.1 Poison Magic
 + Level 0.2 Invocations
 + Level 0.1 Evocations


You had 8 spell levels left.
You knew the following spells:

 Your Spells              Type           Power        Failure   Level  Hunger
a - Summon Small Mammal   Summ           ####         1%          1    None


Dungeon Overview and Level Annotations

Branches:
Dungeon (1/15)

Altars:


Innate Abilities, Weirdness & Mutations

Your experience applies equally to all skills.
You have very sharp teeth.
Your uncanny sense of smell can sniff out nearby items.


Message History

h - an emerald potion Your quokka disappears in a puff of smoke! x2
You open the door.
Found 12 gold pieces.
Found 6 gold pieces.
There is an open door here.
You see here 6 gold pieces.
You now have 16 gold pieces (gained 6).
You see here 12 gold pieces.
You now have 28 gold pieces (gained 12).
You open the door.
There is an open door here.
A dart slug comes into view.
A kobold comes into view. It is wielding a dagger.
Casting: Summon Small Mammal
Confirm with . or Enter, or press ? or * to list all spells.
The dart slug launches a dart at you. The slug dart misses you.
Casting: Summon Small Mammal
Confirm with . or Enter, or press ? or * to list all spells.
The dart slug barely misses your quokka.
Your quokka bites the dart slug.
The dart slug barely misses your quokka.
Your quokka bites the dart slug.
Casting: Summon Small Mammal
Confirm with . or Enter, or press ? or * to list all spells.
Your quokka bites the dart slug.
Your quokka bites the dart slug but does no damage.
The kobold closely misses your bat.
Your bat barely misses the kobold.
Your bat hits the kobold.
The dart slug closely misses your quokka.
Your quokka bites the dart slug.
The kobold hits your bat with a dagger.
Your bat barely misses the kobold.
Your quokka bites the dart slug.
The dart slug dies!
You swap places.
Your quokka bites the kobold.
The kobold hits you but does no damage.
You hit the kobold.
You kill the kobold!
You swap places.
Things that are here:
a dagger; a kobold corpse You swap places.
You open the door.
There is an open door here.
Found a scroll labeled JAKIKK ZUUFA.
A goblin comes into view.
The goblin shouts!
You closely miss the goblin.
Your quokka disappears in a puff of smoke!
Your bat closely misses the goblin.
The goblin barely misses you.
You miss the goblin.
Your quokka barely misses the goblin.
The goblin barely misses you.
You closely miss the goblin.
Your quokka disappears in a puff of smoke!
Your bat hits the goblin. The goblin hits you.
You barely miss the goblin.
The goblin is moderately wounded.
Your bat closely misses the goblin.
The goblin completely misses you.
You closely miss the goblin.
The goblin is moderately wounded.
Your bat disappears in a puff of smoke!
The goblin barely misses you.
You hit the goblin but do no damage. You bite the goblin, but do no damage.
The goblin is moderately wounded.
The goblin completely misses you.
You barely miss the goblin.
The goblin is moderately wounded.
The goblin closely misses you.
You closely miss the goblin. Your bite misses the goblin.
The goblin is moderately wounded.
The goblin hits you.
You closely miss the goblin.
The goblin is moderately wounded.
The goblin hits you.
You closely miss the goblin.
The goblin is moderately wounded.
The goblin hits you but does no damage.
You closely miss the goblin.
The goblin is moderately wounded.
The goblin hits you.
Casting: Summon Small Mammal
Confirm with . or Enter, or press ? or * to list all spells.
The goblin hits you but does no damage. The goblin hits you.
* * * LOW HITPOINT WARNING * * *
Casting: Summon Small Mammal
Confirm with . or Enter, or press ? or * to list all spells.
The goblin misses you.
Your quokka barely misses the goblin.
The goblin hits you.
* * * LOW HITPOINT WARNING * * *
Your quokka bites the goblin.
You catch the helpless goblin completely off-guard!
You puncture the goblin!
You kill the goblin!
You see here a scroll labeled JAKIKK ZUUFA.
i - a scroll labeled JAKIKK ZUUFA You swap places.
You open the door.
There is an open door here.
Are you sure you want to abandon this character and quit the game? (Confirm with "yes".)

#....# #.#...)..#
#....# #.#...#.##
#....# #.#...#.#
#....####.#...#.#
#.........#...#.#
#........#...#'##
#........####....
##rr......# #....
#@........# #....
##.......## ##+##
#.......#
######### ∆ ∆ ∆ .


You could see 2 friendly quokkas.

Vanquished Creatures
  A goblin (D:1)
  A hobgoblin (D:1)
  A kobold (D:1)
3 creatures vanquished.

Vanquished Creatures (collateral kills)
  A dart slug (D:1)
  A hobgoblin (D:1)
  A bat (D:1)
3 creatures vanquished.

Grand Total: 6 creatures vanquished

Notes
Turn   | Place    | Note
-------+----------+-------------------------------------------
     0 | D:1      | tidbits the Gnoll Summoner began the quest for the Orb.
     0 | D:1      | Reached XP level 1. HP: 13/13 MP: 6/6
   216 | D:1      | Quit the game

Vault maps used:
D:1:      sevenhm_arrival_forest_fort_large_2

Action                   || total
-------------------------++-------
Melee: Dagger            ||    15
       Unarmed           ||     2
       Bite              ||     2
 Cast: Summon Small Mamm ||    10
 Stab: Distracted        ||     1
Armor: Robe              ||     4
Dodge: Dodged            ||    21

Table legend:
 A = Spawn XP
 B = Non-spawn XP
 C = Spawn XP percentage of total XP
 D = Spawn monster count
 E = Non-spawn monster count
 F = Spawn count percentage of total count
 G = Total turns spent on level
                    A         B        C        D         E        F      G
               +---------+---------+-------+---------+---------+-------+---------
         Total |       0 |       7 |   0.0 |       0 |       6 |   0.0 |   216
               +---------+---------+-------+---------+---------+-------+---------
           D:1 |       0 |       7 |   0.0 |       0 |       6 |   0.0 |   216
               +---------+---------+-------+---------+---------+-------+---------

Table legend:
 A = Turns spent in this place as a percentage of turns spent in the entire game.
 B = Non-inter-level travel turns spent in this place as a percentage of non-inter-level travel turns spent in the entire game.
 C = Inter-level travel turns spent in this place as a percentage of turns spent in this place.
 D = Turns resting spent in this place as a percentage of non-inter-level travel turns spent in this place.
 E = Turns spent auto-exploring this place as a percentage of non-inter-level travel turns spent in this place.
 F = Non-inter-level travel turns spent in this place divided by the number of levels of this place that you've seen.
                   A       B       C       D       E      F
               +-------+-------+-------+-------+-------+----------------------
         Total | 100.0 | 100.0 |   0.0 |   0.0 |   0.0 | 216.0
       Dungeon | 100.0 | 100.0 |   0.0 |   0.0 |   0.0 | 216.0
               +-------+-------+-------+-------+-------+----------------------

Table legend:
 A = Kills in this place as a percentage of kills in entire the game.
 B = Kills by you in this place as a percentage of kills by you in the entire game.
 C = Kills by friends in this place as a percentage of kills by friends in the entire game.
 D = Other kills in this place as a percentage of other kills in the entire game.
 E = Experience gained in this place as a percentage of experience gained in the entire game.
 F = Experience gained in this place divided by the number of levels of this place that you have seen.
                   A       B       C       D       E      F
               +-------+-------+-------+-------+-------+----------------------
         Total | 100.0 | 100.0 | 100.0 |   N/A | 100.0 |   7.0
       Dungeon | 100.0 | 100.0 | 100.0 |   N/A | 100.0 |   7.0
               +-------+-------+-------+-------+-------+----------------------

Vault maps used:
D:1:      sevenhm_arrival_forest_fort_large_2
